 Dungeon Crawl Stone Soup version 0.29.0-7-g18a832c13a (webtiles) character file.

Game seed: 11057862454689762286

9762 night the Soothsayer (level 11, 0/87 HPs)
             Began as a Demonspawn Venom Mage on Aug 29, 2022.
             Was a Priest of Nemelex Xobeh.
             Killed from afar by an acid dragon (17 damage)
             ... with a splash of acid
             ... on level 9 of the Dungeon on Aug 30, 2022.
             The game lasted 00:37:34 (16379 turns).

night the Soothsayer (Demonspawn Venom Mage)       Turns: 16379, Time: 00:37:35

Health: 0/87       AC: 13    Str:  8    XL:     11   Next: 27%
Magic:  22/31      EV: 12    Int: 20    God:    Nemelex Xobeh [***...]
Gold:   628        SH:  5    Dex: 15    Spells: 15/25 levels left

rFire   . . .      SeeInvis .   E - +2 trident (flame)
rCold   . . .      Faith    .   k - +0 buckler
rNeg    . . .      Spirit   .   h - +3 leather armour
rPois   .          Reflect  .   (no helmet)
rElec   .          Harm     .   t - +0 cloak {Stlth+}
rCorr   .          Rampage  .   (no gloves)
Will    .....                   a - +2 pair of boots
Stlth   +.........              (no amulet)
HPRegen 0.00/turn               g - ring of magical power
MPRegen 0.22/turn               (no ring)

@: contaminated, inhibited regen, glowing
A: yellow scales 2, demonic guardian 3, weakness stinger 1, hooves 1, inhibited
regeneration
a: Renounce Religion, Draw Escape, Draw Destruction, Draw Summoning, Triple Draw


You were on level 9 of the Dungeon.
You worshipped Nemelex Xobeh.
Nemelex Xobeh was most pleased with you.
You visited 3 branches of the dungeon, and saw 11 of its levels.
You also visited: Sewer.

You collected 628 gold pieces.

Inventory:

Hand Weapons
 j - a +0 whip
 z - a +2 whip of flaming
 E - a +2 trident of flaming (weapon)
Missiles
 i - 94 stones
 o - 7 boomerangs
 q - 20 poisoned darts
 A - 3 throwing nets
 B - 6 datura-tipped darts
 C - a curare-tipped dart
Armour
 a - a +2 pair of boots (worn)
 h - a +3 leather armour (worn)
 k - a +0 buckler (worn)
 t - a +0 cloak of stealth (worn)
Jewellery
 g - a ring of magical power (left hand)
 y - a +6 ring of strength
 F - a +6 ring of strength
 J - a +6 ring of dexterity
Wands
 D - a wand of charming (12)
 I - a wand of flame (13)
 L - a wand of acid (4)
Scrolls
 c - 3 scrolls of butterflies
 d - a scroll of torment
 e - a scroll of poison
 l - 7 scrolls of teleportation
 m - 2 scrolls of identify
 n - a scroll of enchant weapon
 u - 2 scrolls of magic mapping
 v - 3 scrolls of silence
 K - a scroll of vulnerability {unknown}
Potions
 b - 2 potions of magic
 f - 3 potions of haste
 p - 3 potions of curing
 r - 3 potions of flight
 s - 2 potions of attraction
 w - a potion of ambrosia {unknown}
 x - 2 potions of mutation
 G - a potion of might
Miscellaneous
 H - a phantom mirror


   Skills:
 + Level 8.6 Fighting
 + Level 2.5 Polearms
 + Level 3.0 Armour
 + Level 3.5 Dodging
 - Level 1.7 Stealth
 + Level 2.8 Shields
 - Level 7.5 Spellcasting
 - Level 0.8 Transmutations
 + Level 9.3 Poison Magic
 - Level 10.0 Invocations


You had 15 spell levels left.
You knew the following spells:

 Your Spells              Type           Power      Damage    Failure   Level
a - Sting                 Tmut/Pois      100%       1d8       1%          1
b - Poisonous Vapours     Pois/Air       52%        N/A       3%          2
c - Mephitic Cloud        Conj/Pois/Air  19%        N/A       14%         3
d - Olgreb's Toxic Radia  Pois           44%        N/A       3%          4

Your spell library contained the following spells:

 Spells                   Type           Power      Damage    Failure   Level
 Passwall                 Tmut/Erth      7%         N/A       22%         2
 Ensorcelled Hibernation  Hex/Ice        14%        N/A       26%         2
 Gell's Gravitas          Tloc           7%         N/A       45%         3
 Lesser Beckoning         Tloc           7%         N/A       45%         3
 Portal Projectile        Hex/Tloc       14%        N/A       45%         3
 Swiftness                Air            7%         N/A       45%         3
 Teleport Other           Tloc           7%         N/A       45%         3
 Tukima's Dance           Hex            7%         N/A       45%         3
 Blade Hands              Tmut           5%         N/A       97%         5


Dungeon Overview and Level Annotations

Branches:
Dungeon (9/15)             Temple (1/1) D:5            Lair (1/5) D:9
  Sewer (visited)
    Orc: D:9-12

Altars:
Ashenzari
Cheibriados
Dithmenos
Fedhas
Gozag
Hepliaklqana
Kikubaaqudgha
Makhleb
Nemelex Xobeh
Okawaru
Qazlal
Ru
Sif Muna
Trog
Uskayaw
Vehumet
Wu Jian
Xom
Yredelemnul

Shops:
D:2 ?   D:6 ?


Innate Abilities, Weirdness & Mutations

You are mostly covered in yellow scales. (AC +3)
A powerful demonic guardian rushes to your aid.
You have a small tail.
You have large cloven feet.
You do not regenerate when monsters are visible.


Message History

You hit the radroach. You burn the radroach.
You tail-slap the radroach, but do no damage.
The radroach is moderately wounded.
Reactivating autopickup.
You feel a bit more experienced.
The radroach erupts in a fountain of uncontrolled magic!
You are blasted with magical radiation!!
You are very lightly contaminated with residual magic.
You hit the radroach. You burn the radroach.
You tail-slap the radroach, but do no damage.
The radroach is moderately wounded.
The radroach bites you but does no damage.
The radroach barely misses you.
You hit the radroach but do no damage.
The radroach is moderately wounded.
The radroach erupts in a fountain of uncontrolled magic!
You are blasted with magical radiation!
You are contaminated with residual magic.
You draw a card...
You have drawn Velocity.
The radroach seems to slow down.
The deck of cards disappears without a trace.
The radroach erupts in a fountain of uncontrolled magic!
You are blasted with magical radiation!!
* * * LOW HITPOINT WARNING * * *
A demonic guardian appears!
You swap places.
An acid dragon comes into view.
Your smoke demon hits the radroach but does no damage. x3
The radroach bites you!
* * * LOW HITPOINT WARNING * * *
The radroach closely misses you.
Your smoke demon hits the radroach but does no damage.
Your smoke demon barely misses the radroach.
Your smoke demon completely misses the radroach.
Your body shudders with the violent release of wild energies!
Your regeneration stops near monsters.
You feel better. The acid dragon spits acid at you.
The splash of acid hits you!
You die...
Your body glows slightly brighter and disappears.

#......#..........
#......#..........
#......#).).......
#......'..........
#....).#.).........
###...[..###)#####...#
#....3######)..###...#
#....B#..............#
#....@#..............#
#.)...#...............
..)D....#...............
..#.....#...............
. #.....#...............
#.....#+####..###....#
####.....###..####†###
#..#.....#...))).).... #
#..#.....#.....#......


You could see a radroach (very poisoned, slow, ally target), an acid dragon
(catching breath) and a friendly smoke demon (summoned).

Vanquished Creatures
  A two-headed ogre (D:9)
  Pikel (D:6)
  2 vault sentinels (D:7)
  2 komodo dragons (Lair:1)
  Sigmund (D:4)
  10 yaks
  4 wyverns
  A vampire mosquito (D:5)
  2 steam dragons
  An acid dragon (D:8)
  4 water moccasins
  3 orc warriors
  Pargi (Sewer)
  An ice beast (D:6)
  A black bear (D:5)
  A sky beast (D:8)
  2 wolves (D:9)
  2 centaurs
  2 lemures (D:6)
  A phantom (D:5)
  3 kobold brigands (D:9)
  2 bullfrogs
  4 gnoll sergeants
  3 necrophages
  3 scorpions
  A wight (D:9)
  5 killer bees (D:9)
  An electric eel (D:9)
  3 howler monkeys (D:9)
  5 hounds
  5 jellies
  2 orc priests
  7 orc wizards
  Crazy Yiuf (D:7)
  2 iguanas (D:6)
  Natasha (twice) (D:3)
  7 adders
  14 gnolls
  A shadow imp (D:7)
  A white imp (D:6)
  2 ufetubi (D:5)
  A worm (D:4)
  2 dart slugs (D:4)
  25 orcs
  5 ball pythons
  5 bats
  5 endoplasms
  2 giant cockroaches
  6 goblins
  6 hobgoblins
  19 kobolds
  4 quokkas
  9 frilled lizards
  8 rats
214 creatures vanquished.

Vanquished Creatures (collateral kills)
  A hydra (D:9)
  A slime creature (D:9)
  A water moccasin (D:5)
  An orc warrior (D:8)
  A necrophage (D:5)
  A hound (D:9)
  An orc priest (D:6)
  A gnoll bouda (D:5)
  A gnoll (D:5)
  2 adders
  An orc (D:6)
12 creatures vanquished.

Vanquished Creatures (others)
  2 fungi (Lair:1)
2 creatures vanquished.

Grand Total: 228 creatures vanquished

Notes
Turn   | Place    | Note
-------+----------+-------------------------------------------
     0 | D:1      | night the Demonspawn Venom Mage began the quest for the
                  | Orb.
     0 | D:1      | Reached XP level 1. HP: 13/13 MP: 3/3
   624 | D:1      | Gained mutation: A weak demonic guardian rushes to your
                  | aid. [demonic ancestry]
   624 | D:1      | Reached XP level 2. HP: 20/20 MP: 1/5
   874 | D:1      | Learned a level 2 spell: Poisonous Vapours
   998 | D:1      | Reached skill level 1 in Fighting
  1613 | D:2      | Found Bellinec's Magic Scroll Boutique.
  2036 | D:2      | Gained mutation: You are partially covered in yellow
                  | scales. (AC +2) [demonic ancestry]
  2036 | D:2      | Reached XP level 3. HP: 26/26 MP: 3/6
  2272 | D:2      | Found a faded altar of an unknown god.
  3042 | D:3      | Learned a level 3 spell: Mephitic Cloud
  3629 | D:3      | Noticed Natasha
  3640 | D:3      | Killed Natasha
  3641 | D:3      | Reached skill level 2 in Fighting
  3641 | D:3      | Reached XP level 4. HP: 10/33 MP: 1/8
  4190 | D:4      | Noticed Sigmund
  4410 | D:4      | Killed Sigmund
  4411 | D:4      | Gained mutation: A demonic guardian rushes to your aid.
                  | [demonic ancestry]
  4411 | D:4      | Reached XP level 5. HP: 26/41 MP: 3/10
  4411 | D:4      | Gained mutation: You have a small tail. [demonic ancestry]
  4411 | D:4      | Reached XP level 6. HP: 30/47 MP: 3/11
  4646 | D:4      | Found a snail-covered altar of Cheibriados.
  5213 | D:5      | Entered Level 5 of the Dungeon
  5216 | D:5      | Found a staircase to the Ecumenical Temple.
  5236 | D:5      | Identified the +0 leather armour "Liygrad" {rC+}
  5256 | Temple   | Entered the Ecumenical Temple
  5449 | Temple   | Became a worshipper of Nemelex Xobeh the Trickster
  5596 | D:5      | Found a glowing drain.
  5601 | Sewer    | Entered a sewer
  5661 | Sewer    | Noticed Pargi
  5671 | Sewer    | Killed Pargi
  5672 | Sewer    | Reached skill level 5 in Poison Magic
  5672 | Sewer    | Reached skill level 1 in Invocations
  5893 | Sewer    | Gained mutation: A powerful demonic guardian rushes to your
                  | aid. [demonic ancestry]
  5893 | Sewer    | Reached XP level 7. HP: 53/53 MP: 13/13
  6254 | D:5      | Noticed a vampire mosquito
  6280 | D:5      | Reached skill level 2 in Invocations
  6394 | D:5      | Reached skill level 3 in Invocations
  6637 | D:5      | Killed a vampire mosquito
  6638 | D:5      | Reached XP level 8. HP: 54/61 MP: 15/15
  6648 | D:5      | Gained mutation: You have large cloven feet. [potion of
                  | mutation]
  6649 | D:5      | HP: 9/61 [water moccasin (4)]
  6652 | D:5      | Reached skill level 5 in Spellcasting
  6652 | D:5      | Reached skill level 4 in Invocations
  6993 | D:5      | Reached skill level 5 in Fighting
  7186 | D:5      | Learned a level 4 spell: Olgreb's Toxic Radiance
  7859 | D:6      | Found an ancient bone altar of Kikubaaqudgha.
  7862 | D:6      | Reached * piety under Nemelex Xobeh
  7862 | D:6      | Found a shadowy altar of Dithmenos.
  7970 | D:6      | Reached skill level 5 in Invocations
  8110 | D:6      | Received a gift from Nemelex Xobeh
  8276 | D:6      | Noticed Pikel
  8310 | D:6      | Killed Pikel
  8311 | D:6      | Reached skill level 6 in Invocations
  8311 | D:6      | Reached XP level 9. HP: 21/69 MP: 18/18
  8736 | D:6      | Found Kuefyqen's Magic Scroll Shop.
  9423 | D:6      | Reached skill level 7 in Invocations
  9678 | D:7      | Upgraded the game from 0.29.0-5-ge4962eb29e to
                  | 0.29.0-7-g18a832c13a
 10170 | D:7      | Found a runed translucent door.
 10171 | D:7      | Noticed Crazy Yiuf
 10187 | D:7      | Killed Crazy Yiuf
 10771 | D:7      | Reached ** piety under Nemelex Xobeh
 10858 | D:7      | Noticed a vault sentinel
 10858 | D:7      | Noticed a vault sentinel
 10898 | D:7      | Killed a vault sentinel
 10903 | D:7      | Killed a vault sentinel
 10904 | D:7      | Reached skill level 8 in Invocations
 11255 | D:7      | Found the +18 shield of the Gong {rElec rN+ Will+ EV-5}
 11646 | D:8      | Reached XP level 10. HP: 27/79 MP: 20/20
 12697 | D:8      | Reached *** piety under Nemelex Xobeh
 13709 | D:9      | Reached skill level 9 in Invocations
 14080 | D:9      | Reached skill level 1 in Armour
 14113 | D:9      | Noticed a five-headed hydra
 14138 | D:9      | Reached skill level 2 in Dodging
 14565 | D:9      | Found a staircase to the Lair.
 14571 | Lair:1   | Entered Level 1 of the Lair of Beasts
 14578 | Lair:1   | Reached skill level 1 in Shields
 14586 | Lair:1   | Reached skill level 1 in Polearms
 14588 | Lair:1   | Reached skill level 2 in Armour
 14717 | Lair:1   | Reached skill level 2 in Shields
 14855 | Lair:1   | HP: 8/80 [komodo dragon (25)]
 14858 | Lair:1   | Gained mutation: You are mostly covered in yellow scales.
                  | (AC +3) [demonic ancestry]
 14858 | Lair:1   | Reached XP level 11. HP: 10/87 MP: 22/22
 15269 | D:9      | Noticed a two-headed ogre
 15286 | D:9      | Killed a two-headed ogre
 15287 | D:9      | Reached skill level 2 in Polearms
 15713 | D:3      | Noticed Natasha
 15719 | D:3      | Killed Natasha
 15831 | D:9      | Identified the +0 chain mail of Hedonism {rF- rN+ Stlth+}
 15851 | D:9      | HP: 9/87 [five-headed hydra (8)]
 15859 | D:9      | Killed a five-headed hydra
 15860 | D:9      | Reached skill level 10 in Invocations
 16368 | D:9      | Noticed a radroach
 16377 | D:9      | HP: 5/87 [radroach (shapeshifter) (10)]
 16378 | D:9      | Gained mutation: You do not regenerate when monsters are
                  | visible. [mutagenic glow]
 16379 | D:9      | Killed from afar by an acid dragon

Illustrated notes

Levels and vault maps discovered:
D:1:      dpeg_arrival_pits, layout_basic
D:2:      layout_basic, serial_shops, shop,
          ebering_ecumenical_altar_sacrificial, minmay_3d_cube
D:3:      layout_loops_corners, uniq_natasha
D:4:      layout_layer_cave, kennysheep_slug_shrine, uniq_sigmund
D:5:      minmay_clustersquares, layout_loops_ring, minmay_temple_entry_waves,
          portal_sewer_entry_e
D:6:      layout_layer_cave, grunt_temple_overflow_cloverleaf, serial_shops,
          shop, uniq_pikel
D:7:      layout_loops_corners, chequers_serial_rivers_small_b,
          hellmonk_guarded_unrand_gong, uniq_crazy_yiuf_cottage
D:8:      layout_basic
D:9:      layout_gridville, erik_lair_island, minmay_misc_feat_pillars,
          dreamdust_wishing_well, nicolae_rejected_hall
Temple:   nicolae_temple_bog_church
Lair:1:   layout_small_grid, enter_volcano_1, uniq_joseph

Skill      XL: |  1  2  3  4  5  6  7  8  9 10 11 |
---------------+----------------------------------+-----
Fighting       | 1 2 3 4 6 7 8 |  8.6
Spellcasting   | 3 4 6 7 |  7.5
Poison Magic   | 4 5 7 8 9 |  9.3
Invocations    | 1 3 6 8 9 10 | 10.0
Armour         | 2 3 |  3.0
Dodging        | 3 |  3.5
Shields        | 2 |  2.8
Polearms       | 1 2 |  2.5
Stealth        | |  1.7
Transmutations | |  0.8

Action                   |  1- 3 |  4- 6 |  7- 9 | 10-12 || total
-------------------------+-------+-------+-------+-------++-------
Melee: Whip              |    45 |    45 |   138 |    36 ||   264
       Tailslap          |       |     3 |    29 |    25 ||    57
       Trident           |       |       |       |   108 ||   108
 Cast: Sting             |    42 |    29 |    96 |    49 ||   216
       Poisonous Vapours |    36 |    32 |    38 |    24 ||   130
       Mephitic Cloud    |       |     1 |     5 |     6 ||    12
       Olgreb's Toxic Ra |       |       |    22 |    22 ||    44
Invok: Draw Destruction  |       |       |     5 |     4 ||     9
       Draw Escape       |       |       |     1 |     1 ||     2
Evoke: Wand              |       |     3 |    11 |     1 ||    15
  Use: Scroll            |     7 |       |     6 |     4 ||    17
       Potion            |       |       |     5 |     3 ||     8
 Stab: Sleeping          |       |       |     1 |     1 ||     2
       Confused          |       |       |       |     1 ||     1
Armor: Robe              |    15 |    10 |       |       ||    25
       Leather armour    |       |    24 |    78 |    50 ||   152
Dodge: Dodged            |    37 |    39 |   109 |    86 ||   271
Block: Buckler           |     7 |    14 |    37 |    27 ||    85
